AoeStats
← [ITCF]TANK

African Clearing

504052118Analyzed
3v3 RM · 29d ago on Sep 3, 2026· 20m 13s· 6 players
Game mode
Random Map
Map size
Normal (6 player)
Population
200
Speed
Normal
Resources
Standard
Victory
Conquest
Starting age
Dark Age
Ending age
Imperial Age
RankedLock teamsTeams togetherTeam positionsShared explorationLock speedFull tech treeHidden civsTurbo modeCheats
Victory
Defeat
🇹🇼 Huns · Taiwan
1290
+16
🇹🇼 Hindustanis · Taiwan
1290
+16
🇹🇼 Mongols · Taiwan
1278
+16
🇦🇷 Shu · Argentina
1307
-17
🇫🇮 Armenians · Finland
1297
-17
🇪🇸 Aztecs · Spain
1243
-14
[ITCF]Hentai
8:44 Loom
11:28 Feudal Age
12:09 Double-Bit Axe
12:47 Horse Collar
13:07 Town Watch
[ITCF]yuli
9:35 Loom
11:58 Feudal Age
17:12 Forging
18:03 Bloodlines
18:02 Scale Barding Armor
[ITCF]TANK
8:34 Loom
13:13 Feudal Age
13:43 Double-Bit Axe
18:20 Town Watch
20:55 Castle Age
AM
6:06 Loom
Kyotoryuu
14:01 Feudal Age
13:46 Loom
18:20 Castle Age
17:20 Stone Mining
pilots_son93
10:50 Loom
12:59 Feudal Age
13:50 Double-Bit Axe
13:26 Man-at-Arms
14:20 Long Swordsman
16:05 Scale Mail Armor
18:19 Forging
19:40 Arson
Connection lost

Rejoining the realm…

Still unreachable

The connection could not be restored.

Session expired

The server has moved on; the page needs a fresh start.